Map: Catalyst LE

Players

Wardi

  • Race: Terran Terran
  • Spawn Location: 11:00

Hjax - Winner!

  • Race: Protoss Protoss
  • Spawn Location: 5:00

Event: WCS Austin 2018

VOD

Have the link to the VOD?

Description

Time

  • Played on: June 1, 2018, 2:44 p.m.
  • Length: 4:40

All games in this series

Show
View Real Time Build Order
Export as new Build Order

Wardi Terran 

Build Orders:  

Get SALT Encoding   

  12  0:00  SCV  
  13  0:13  SCV  
  14  0:17  Supply Depot  
  14  0:25  SCV  
  15  0:39  SCV  
  15  0:41  Barracks  
  16  0:46  Refinery  
  16  0:51  SCV  
  17  1:06  SCV  
  17  1:10  Barracks  
  18  1:19  SCV  
  19  1:28  Marine  
  20  1:34  Orbital Command  
  20  1:47  Barracks Reactor  
  20  1:59  Barracks Tech Lab  
  20  2:00  SCV  
  21  2:05  Supply Depot  
  21  2:15  SCV  
  21  2:20  Concussive Shells, Command Center  
  22  2:27  Marauder  
  22  2:28  Marine  
  25  2:30  Marine  
  25  2:33  SCV  
  27  2:40  Supply Depot  
  27  2:47  Marine  
  27  2:48  Marauder  
  30  2:52  Marine  
  31  3:02  SCV  
  31  3:03  Supply Depot  
  32  3:07  Marine  
  32  3:11  Marauder, Marine  
  35  3:17  SCV  
  36  3:33  Marine x2  
  37  3:34  Marauder  
  35  3:43  Orbital Command, SCV  
  35  3:48  Factory  
  31  4:04  Barracks Tech Lab  
  31  4:06  Orbital Command, Marauder  
  31  4:08  SCV  
  34  4:10  Engineering Bay, Refinery  
  34  4:21  SCV  
  34  4:24  Barracks  
  31  4:34  Factory Reactor  
Show
View Real Time Build Order
Export as new Build Order

Hjax Protoss - Winner!

Build Orders: 1 Gate Expand 

Get SALT Encoding   

  12  0:00  Probe  
  13  0:12  Probe  
  14  0:17  Pylon  
  14  0:24  Probe  
  15  0:32  Probe  
  15  0:40  Gateway, Probe  
  16  0:48  Assimilator  
  17  0:51  Probe  
  18  1:03  Probe  
  19  1:15  Probe  
  20  1:24  Nexus  
  20  1:33  Cybernetics Core  
  20  1:37  Probe  
  21  1:43  Assimilator  
  21  1:49  Probe  
  22  1:55  Pylon  
  22  2:01  Probe  
  22  2:03  Stalker  
  23  2:11  Warp Gate  
  23  2:13  Probe  
  25  2:24  Stalker  
  25  2:25  Shield Battery  
  25  2:33  Shield Battery  
  27  2:48  Probe  
  28  2:53  Stalker, Robotics Facility  
  29  3:01  Probe  
  30  3:13  Gateway  
  30  3:18  Shield Battery  
  30  3:26  Probe x2  
  32  3:38  Probe x2  
  34  3:41  Immortal  
  32  3:50  Probe  
  39  4:03  Probe  
  39  4:07  Probe  
  39  4:15  Stalker x2, Probe  
  44  4:19  Probe  
  44  4:22  Pylon  
Tags
 
Add a new tag
Caveats
  • Supply blocks, unpowered buildings, or Contaminate may cause inaccurate times.
  • Supply counts are checked every 10 seconds.